 Dungeon Crawl Stone Soup version 0.30-a0-862-g1aabd4f9c5 (webtiles) character file.

Game seed: 11869927631008547187

2924 scionoferis the Reanimator (level 9, -1/68 HPs)
             Began as a Mummy Necromancer on Mar 9, 2023.
             Was an Initiate of Sif Muna.
             Slain by arandomgamer's ghost (9 damage)
             ... on level 4 of the Dungeon.
             The game lasted 00:34:16 (9522 turns).

scionoferis the Reanimator (Mummy Necromancer)      Turns: 9522, Time: 00:34:17

Health: -1/68      AC: 12    Str: 12    XL:     9   Next: 50%
Magic:  10/21      EV: 17    Int: 18    God:    Sif Muna [......]
Gold:   393        SH:  0    Dex: 12    Spells: 14/24 levels left

rFire   x x x      SeeInvis .    e - +0 dagger (drain)
rCold   . . .      Faith    +    (no shield)
rNeg    + + +      Spirit   .    b - +0 robe
rPois   ∞          Reflect  .    o - +0 helmet
rElec   .          Rampage  .    k - +0 cloak
rCorr   .                        (no gloves)
Will    +....                    (no boots)
Stlth   +++                      w - amulet of Elemental Vulnerability {rPois rF-- rC-- AC+8}
HPRegen 0.31/turn                j - +5 ring of evasion
MPRegen 0.17/turn                p - ring of protection from cold

@: animating dead
A: cold resistance 1, negative energy resistance 3, torment resistance 2, heat
vulnerability 1, in touch with death 1, no potions, faith
a: Renounce Religion


You were on level 4 of the Dungeon.
You worshipped Sif Muna.
Sif Muna was noncommittal.
You visited 2 branches of the dungeon, and saw 9 of its levels.

You collected 393 gold pieces.


Innate Abilities, Weirdness & Mutations

You are immune to poison.
Your flesh is cold resistant. (rC+)
You are immune to negative energy. (rN+++)
You are immune to unholy pain and torment.
You are vulnerable to heat. (rF-)
You are in touch with the powers of death.
You do not drink.
You have a special connection with the divine. (Faith)


   Skills:
 - Level 5.0 Fighting
 + Level 2.3 Dodging
 - Level 5.0 Stealth
 - Level 8.0 Spellcasting
 - Level 8.0 Necromancy
 - Level 3.0 Translocations
 * Level 2.5 Invocations
 + Level 1.4 Evocations


You had 14 spell levels left.
You knew the following spells:

 Your Spells              Type           Power      Damage    Failure   Level
a - Necrotise             Necr           100%       1d9       1%          1
b - Vampiric Draining     Necr           52%        2d9       1%          3
c - Blink                 Tloc           36%        N/A       4%          2
d - Animate Dead          Necr           52%        N/A       3%          4

Your spell library contained the following spells:

 Spells                   Type           Power      Damage    Failure   Level
 Freeze                   Ice            28%        1d5       10%         1
 Agony                    Necr           52%        N/A       10%         5
 Frozen Ramparts          Ice            14%        1d3       28%         3
 Hailstorm                Conj/Ice       7%         3d4       28%         3
 Manifold Assault         Tloc           18%        N/A       28%         4
 Storm Form               Tmut/Air       Unusable   N/A       N/A         7

Inventory:

Hand Weapons
 a - a +0 dagger of venom
   (You took it off a kobold on level 1 of the Dungeon)
 e - a +0 dagger of draining (weapon)
   (You took it off an orc wizard on level 5 of the Dungeon)
 l - a +1 battleaxe of electrocution
   (You found it on level 3 of the Dungeon)
Missiles
 i - 13 poisoned darts
 m - 7 boomerangs
 t - a curare-tipped dart (quivered)
Armour
 b - a +0 robe (worn)
 k - a +0 cloak (worn)
   (You found it on level 3 of the Dungeon)
 o - a +0 helmet (worn)
   (You found it on level 4 of the Dungeon)
Magical Staves
 f - a staff of death
   (You found it on level 1 of the Dungeon)
 v - a staff of earth
   (You found it on level 6 of the Dungeon)
Jewellery
 j - a +5 ring of evasion (left hand)
   (You found it on level 3 of the Dungeon)
 p - a ring of protection from cold (right hand)
   (You found it on level 8 of the Dungeon)
 w - the amulet of Elemental Vulnerability (around neck) {rPois rF-- rC-- AC+8}
   (You found it on level 6 of the Dungeon)

   [amulet of nothing]

   AC:        It affects your AC (+8).
   rF:        It makes you very vulnerable to fire.
   rC:        It makes you very vulnerable to cold.
   rPois:     It protects you from poison.
Wands
 s - a wand of flame (13)
   (You found it on level 5 of the Dungeon)
Scrolls
 c - 4 scrolls of teleportation
 d - 3 scrolls of enchant armour {unknown}
 g - 3 scrolls of immolation {unknown}
 h - a scroll of magic mapping
 n - a scroll of butterflies
 q - 2 scrolls of fog
 r - 2 scrolls of brand weapon
 u - a scroll of silence
 x - a scroll of fear
 y - a scroll of blinking {unknown}
 z - a scroll of enchant weapon {unknown}
 A - a scroll of identify

Dungeon Overview and Level Annotations

Branches:
Dungeon (8/15)             Temple (1/1) D:7
   Lair: D:8-11

Altars:
Ashenzari
Cheibriados
Dithmenos
Fedhas
Gozag
Hepliaklqana
Kikubaaqudgha
Makhleb
Nemelex Xobeh
Okawaru
Qazlal
Sif Muna
Trog
Uskayaw
Vehumet
Wu Jian
Xom
Yredelemnul

Annotations:
D:4 arandomgamer's ghost, amateur MfGl
D:5 exclusion: ogre, Dowan; Duvessa; Pikel

###
###.##############
K..........>.....##
..K...##########..##
##...## ##.#.##
###.## ##.###.## #
#.# #.## ##.# # #.#
##W###.## ###K##
##@#.## ##...##
#####K## #.....##
#.....# .......##
##.##..##
.....>..####..<#...##
.......KK...W.......#
........####§......##
.......## ##.#...##
#.....## #....##


You could see arandomgamer's ghost and a kobold.


Message History

The sleepcap is lightly damaged.
The sleepcap closely misses you.
You hit the sleepcap but do no damage.
The sleepcap is moderately damaged.
The sleepcap releases spores at you but does no damage.
You hit the sleepcap but do no damage.
The sleepcap is moderately damaged.
The sleepcap barely misses you.
You hit the sleepcap but do no damage.
The sleepcap is moderately damaged.
The sleepcap closely misses you.
You hit the sleepcap but do no damage.
The sleepcap is moderately damaged.
The sleepcap closely misses you.
You hit the sleepcap but do no damage.
The sleepcap is moderately damaged.
The sleepcap releases spores at you.
You hit the sleepcap but do no damage.
The sleepcap looks as sick as possible!
The sleepcap is heavily damaged.
The sleepcap releases spores at you but does no damage.
You hit the sleepcap but do no damage.
The sleepcap is almost destroyed.
The sleepcap releases spores at you.
You hit the sleepcap.
The sleepcap is almost destroyed.
You destroy the sleepcap!
Items here: ))) [[ †.
You start resting.
Magic restored.
You start resting.
HP restored.
Things that are here:
a +0 trident; a +2 chain mail of cold resistance
Items here: ))) [[ †.
An orc comes into view. It is wielding a +0 short sword.
The orc shouts!
You hear a shout!
Okay, then.
Unknown command.
Items here: ))) [[ †.
Casting: Necrotise (safe; 1% risk of failure)
Confirm with . or Enter, or press ? or * to list all spells.
Aiming: Necrotise (safe; 1% risk of failure)
Press: ? - help, Shift-Dir - straight line, f - orc
Aim: an orc, wielding a +0 short sword (chance to affect: 93%)
You feel a surge of power!
The orc writhes in agony.
Casting: Necrotise (safe; 1% risk of failure)
Confirm with . or Enter, or press ? or * to list all spells.
Aiming: Necrotise (safe; 1% risk of failure)
Press: ? - help, Shift-Dir - straight line, f/p - orc
Aim: an orc, wielding a +0 short sword (almost dead, chance to affect: 93%)
You feel a surge of power!
The orc writhes in agony.
You kill the orc!
The dead are walking!
You start resting.
Magic restored.
Your orc skeleton crumbles into dust!
Found a staircase to the Ecumenical Temple.
Found an encrusted garnet ring.
Things that are here:
a ring of poison resistance; a +0 war axe The orc shouts!
You hear a bellow! x2
Throw: 14 darts (poison)
Press: ? - help, Q - select action, (/) - cycle Shift-Dir - straight line, f - orc
Aim: an orc, wielding a +0 club (59% to hit)
Okay, then.
Casting: Necrotise (safe; 1% risk of failure)
Confirm with . or Enter, or press ? or * to list all spells.
Aiming: Necrotise (safe; 1% risk of failure)
Press: ? - help, Shift-Dir - straight line, f - orc
Aim: an orc, wielding a +0 club (chance to affect: 93%)
You feel a surge of power!
The orc writhes in agony.
Casting: Necrotise (safe; 1% risk of failure)
Confirm with . or Enter, or press ? or * to list all spells.
Aiming: Necrotise (safe; 1% risk of failure)
Press: ? - help, Shift-Dir - straight line, f/p - orc
Aim: an orc, wielding a +0 club (severely wounded, chance to affect: 93%)
You feel a surge of power!
The orc writhes in agony.
Casting: Necrotise (safe; 1% risk of failure)
Confirm with . or Enter, or press ? or * to list all spells.
Aiming: Necrotise (safe; 1% risk of failure)
Press: ? - help, Shift-Dir - straight line, f/p - orc
Aim: an orc, wielding a +0 club (almost dead, chance to affect: 93%)
You feel a surge of power!
The orc writhes in agony.
You kill the orc!
The yak bellows!
The dead are walking!
You hear a shout!
The yak gores your orc skeleton!
Your orc skeleton is destroyed!
You start resting.
Magic restored.
Unknown command.
Throw: 14 darts (poison)
Press: ? - help, Q - select action, (/) - cycle Shift-Dir - straight line, f - yak
Aim: a yak (70% to hit)
You throw a poisoned dart. The poisoned dart hits the yak.
Unknown command.
Your +0 dagger of venom stops dripping with poison.
You sense an unholy aura.
e - a +0 dagger of draining (weapon)
You hit the yak. You drain the yak.
The yak is moderately wounded.
The yak barely misses you.
Okay, then.
You hit the yak. You drain the yak.
The yak is moderately wounded.
The yak misses you.
You barely miss the yak.
The yak is moderately wounded.
The yak gores you.
You hit the yak but do no damage.
The yak is moderately wounded.
The yak gores you but does no damage.
You hit the yak but do no damage. You drain the yak.
The yak is heavily wounded.
The yak gores you.
You barely miss the yak. You punch the yak, but do no damage.
The yak is heavily wounded.
The yak closely misses you.
You hit the yak but do no damage.
The yak is heavily wounded.
The yak gores you but does no damage.
You hit the yak.
The yak is heavily wounded.
The yak barely misses you.
You hit the yak but do no damage.
The yak is heavily wounded.
The yak closely misses you.
You hit the yak.
The yak is heavily wounded.
The yak gores you but does no damage.
You hit the yak.
The yak is heavily wounded.
The yak gores you but does no damage.
You hit the yak but do no damage. You drain the yak.
The yak is severely wounded.
The yak barely misses you.
Casting: Necrotise (safe; 1% risk of failure)
Confirm with . or Enter, or press ? or * to list all spells.
Aiming: Necrotise (safe; 1% risk of failure)
Press: ? - help, Shift-Dir - straight line, f/p - yak
Aim: a yak (severely wounded, heavily drained, chance to affect: 89%)
You feel a surge of power!
The yak writhes in agony!
The yak closely misses you.
Unknown command.
You hit the yak but do no damage. You drain the yak.
You kill the yak!
Unknown command.
You hit the yak but do no damage. You drain the yak.
The yak is lightly wounded.
The yak gores you.
You barely miss the yak.
The yak is lightly wounded.
The yak closely misses you.
You hit the yak but do no damage. You drain the yak.
The yak is lightly wounded.
The yak gores you but does no damage.
You hit the yak. You drain the yak.
The yak is moderately wounded.
The yak barely misses you.
You hit the yak.
The yak is moderately wounded.
The yak completely misses you.
You hit the yak.
The yak is heavily wounded.
The yak gores you.
You hit the yak but do no damage.
The yak is heavily wounded.
The yak gores you but does no damage.
You barely miss the yak.
The yak is heavily wounded.
The yak bellows!
You hit the yak but do no damage. You drain the yak.
The yak is lightly wounded.
You hit the yak. You drain the yak.
The yak is moderately wounded.
The yak misses you.
The yak bellows!
You hit the yak. You drain the yak.
The yak is moderately wounded.
You hit the yak but do no damage. You hit the yak. You drain the yak.
The yak is lightly wounded.
The yak gores you!
You barely miss the yak.
The yak is lightly wounded.
The yak misses you.
You hit the yak.
The yak is moderately wounded.
The yak barely misses you.
You hit the yak.
The yak is moderately wounded.
The yak completely misses you.
You hit the yak but do no damage. You drain the yak.
The yak is moderately wounded.
The yak gores you but does no damage.
You hit the yak but do no damage.
The yak is moderately wounded.
The yak gores you but does no damage.
You barely miss the yak.
The yak is moderately wounded.
The yak closely misses you.
You closely miss the yak.
The yak is moderately wounded.
The yak gores you but does no damage.
You hit the yak. You drain the yak.
The yak is heavily wounded.
The yak gores you.
You hit the yak.
The yak is severely wounded.
The yak completely misses you.
You hit the yak but do no damage. You drain the yak.
The yak is severely wounded.
The yak gores you.
You completely miss the yak.
The yak is severely wounded.
The yak barely misses you.
Casting: Necrotise (safe; 1% risk of failure)
Confirm with . or Enter, or press ? or * to list all spells.
Aiming: Necrotise (safe; 1% risk of failure)
Press: ? - help, Shift-Dir - straight line, f - yak
Aim: a yak (severely wounded, heavily drained, chance to affect: 89%)
You feel a surge of power!
The yak writhes in agony.
Unknown command.
You barely miss the yak.
The yak is moderately wounded.
You hit the yak but do no damage.
The yak is moderately wounded.
The yak closely misses you.
You hit the yak. You drain the yak.
The yak is heavily wounded.
The yak gores you.
You hit the yak but do no damage. You drain the yak.
The yak is severely wounded.
You barely miss the yak.
The yak is severely wounded.
You barely miss the yak.
The yak is severely wounded.
The yak seems less drained.
The yak misses you.
Casting: Necrotise (safe; 1% risk of failure)
Confirm with . or Enter, or press ? or * to list all spells.
Aiming: Necrotise (safe; 1% risk of failure)
Press: ? - help, Shift-Dir - straight line, f/p - yak
Aim: a yak (severely wounded, heavily drained, chance to affect: 89%)
You feel a surge of power!
The yak writhes in agony!
The yak closely misses you.
Unknown command.
Casting: Necrotise (safe; 1% risk of failure)
Confirm with . or Enter, or press ? or * to list all spells.
Aiming: Vampiric Draining (safe; 1% risk of failure)
Press: ? - help, Shift-Dir - straight line, f/p - yak
Aim: a yak (almost dead, heavily drained)
You feel a surge of power!
You draw life force from the yak.
You kill the yak!
You feel life coursing into your body.
Training target 3.0 for Translocations reached!
Training target 5.0 for Fighting reached!
Your Fighting skill increases to level 5!
Your Translocations skill increases to level 3!
You have reached level 9!
Your experience leads to an increase in your attributes!
Increase (S)trength, (I)ntelligence, or (D)exterity?
You feel clever. x2
You hit the yak. You drain the yak.
The yak is severely wounded.
The yak gores you but does no damage.
You hit the yak but do no damage.
The yak is severely wounded.
The yak completely misses you.
You hit the yak but do no damage.
The yak is severely wounded.
The yak gores you but does no damage.
Casting: Vampiric Draining (safe; 1% risk of failure)
Confirm with . or Enter, or press ? or * to list all spells.
Aiming: Vampiric Draining (safe; 1% risk of failure)
Press: ? - help, Shift-Dir - straight line, f - yak
Aim: a yak (severely wounded, heavily drained)
You feel a surge of power!
You draw life force from the yak!
You feel life coursing into your body. The yak gores you but does no damage.
Unknown command.
You hit the yak. You drain the yak.
You kill the yak!
Training target 5.0 for Stealth reached!
Your Stealth skill increases to level 5!
Your Spellcasting skill increases to level 7!
You hit the yak but do no damage. You drain the yak.
The yak is moderately wounded.
The yak gores you but does no damage.
You hit the yak.
The yak is heavily wounded.
The yak barely misses you.
You barely miss the yak.
The yak is heavily wounded.
The yak closely misses you.
You hit the yak but do no damage. You drain the yak.
The yak is heavily wounded.
The yak completely misses you.
You hit the yak. You drain the yak.
The yak is severely wounded.
The yak gores you.
You completely miss the yak.
The yak is severely wounded.
The yak closely misses you.
Casting: Vampiric Draining (safe; 1% risk of failure)
Confirm with . or Enter, or press ? or * to list all spells.
Aiming: Necrotise (safe; 1% risk of failure)
Press: ? - help, Shift-Dir - straight line, f - yak
Aim: a yak (severely wounded, heavily drained, chance to affect: 88%)
You feel a surge of power!
The yak writhes in agony.
The yak misses you.
Unknown command.
Casting: Necrotise (safe; 1% risk of failure)
Confirm with . or Enter, or press ? or * to list all spells.
Aiming: Necrotise (safe; 1% risk of failure)
Press: ? - help, Shift-Dir - straight line, f/p - yak
Aim: a yak (almost dead, heavily drained, chance to affect: 88%)
You feel a surge of power!
The yak writhes in agony.
The yak barely misses you.
Unknown command.
Casting: Necrotise (safe; 1% risk of failure)
Confirm with . or Enter, or press ? or * to list all spells.
Aiming: Vampiric Draining (safe; 1% risk of failure)
Press: ? - help, Shift-Dir - straight line, f/p - yak
Aim: a yak (almost dead, heavily drained)
You feel a surge of power!
You draw life force from the yak.
You kill the yak!
You feel life coursing into your body.
Unknown command.
You start resting.
HP restored.
You start resting.
Magic restored.
Things that are here:
a yak corpse; a yak corpse
i - 14 poisoned darts (gained 1)
You see here a +0 club.
There is a staircase to the Ecumenical Temple here.
You climb downwards.
Welcome to the Ecumenical Temple!
Found a white marble altar of Elyvilon and a sparkling altar of Nemelex Xobeh.
There is a staircase back to the Dungeon here.
Found an opulent altar of Gozag and a bloodstained altar of Trog.
There is a white marble altar of Elyvilon here.
Found a basalt altar of Yredelemnul.
Found a shimmering blue altar of Sif Muna.
There is an opulent altar of Gozag here.
Found a hide-covered altar of Uskayaw.
Found a radiant altar of Vehumet.
There is a basalt altar of Yredelemnul here.
Found a glowing golden altar of the Shining One.
There is a radiant altar of Vehumet here.
Found a stormy altar of Qazlal and a glowing silver altar of Zin.
Done exploring.
Done exploring.
Done exploring.
There is a glowing golden altar of the Shining One here.
There is a shimmering blue altar of Sif Muna here.
You kneel at the altar of Sif Muna.
Sif Muna welcomes you!
Unknown command.
Press < or > to pray at altars.
Unknown command.
Press < or > to pray at altars.
Unknown command.
Press < or > to pray at altars.
Save game and exit?
Welcome back, scionoferis the Mummy Necromancer.
Sif Muna whispers: I know many secrets...
Press ? for a list of commands and other information.
There is a white marble altar of Elyvilon here.
There is a staircase back to the Dungeon here.
You climb upwards.
Welcome back to the Dungeon!
There is a staircase to the Ecumenical Temple here.
You now have 341 gold pieces (gained 19).
The orc shouts!
Throw: 14 darts (poison)
Press: ? - help, Q - select action, (/) - cycle Shift-Dir - straight line, f - orc
Aim: an orc, wielding a +0 hand axe (59% to hit)
Okay, then.
Cast which spell? (? or * to list)
Aiming: Necrotise (safe; 1% risk of failure)
Press: ? - help, Shift-Dir - straight line, f - orc
Aim: an orc, wielding a +0 hand axe (chance to affect: 93%)
You feel a surge of power!
The orc writhes in agony.
Casting: Necrotise (safe; 1% risk of failure)
Confirm with . or Enter, or press ? or * to list all spells.
Aiming: Necrotise (safe; 1% risk of failure)
Press: ? - help, Shift-Dir - straight line, f/p - orc
Aim: an orc, wielding a +0 hand axe (severely wounded, chance to affect: 93%)
You feel a surge of power!
The orc writhes in agony.
You kill the orc!
Sif Muna accepts your kill.
The dead are walking!
Magic restored.
You now have 353 gold pieces (gained 12).
You now have 372 gold pieces (gained 19).
You swap places.
r - 2 scrolls of brand weapon (gained 1)
m - 7 boomerangs (gained 3)
Things that are here:
a +0 ring mail; a +0 whip A wight comes into view.
It is wielding a +0 trident.
Found 21 gold pieces.
Throw: 14 darts (poison)
Press: ? - help, Q - select action, (/) - cycle Shift-Dir - straight line, f - wight
Aim: a wight, wielding a +0 trident and wearing a +0 robe (dormant, 98% to hit)
You throw a poisoned dart.
The poisoned dart completely misses the wight.
Unknown command.
Throw: 13 darts (poison)
Press: ? - help, Q - select action, (/) - cycle Shift-Dir - straight line, f/p - wight
Aim: a wight, wielding a +0 trident and wearing a +0 robe (wandering, hasn't noticed you, 59% to hit)
You throw a poisoned dart. The poisoned dart hits the wight.
Unknown command.
You hear the crackle of electricity.
l - a +1 battleaxe of electrocution (weapon)
The wight barely misses you.
You hit the wight but do no damage. Lightning courses through the wight!
The wight is severely damaged.
The wight misses you. The wight closely misses you.
You closely miss the wight.
The wight is severely damaged.
The wight hits you but does no damage.
You barely miss the wight.
The wight is severely damaged.
The wight misses you. The wight closely misses you.
You hit the wight.
The wight is almost destroyed.
The wight misses you. The wight hits you with a +0 trident!
You slash the wight!
You destroy the wight!
Sif Muna accepts your kill.
Training target 8.0 for Spellcasting reached!
Your Spellcasting skill increases to level 8!
You need to enable at least one skill for training.
This spell is dangerous to cast!
Memorise Animate Dead, consuming 4 spell levels and leaving 14?
You start memorising the spell.
You continue memorising. x4
You finish memorising.
Spell assigned to 'd'.
Okay, then.
Unknown command.
You start resting.
Magic restored.
Your +1 battleaxe of electrocution stops crackling.
Your +0 dagger of venom begins to drip with poison!
a - a +0 dagger of venom (weapon)
You start resting.
HP restored.
Things that are here:
a +0 trident; a +0 robe Your +0 dagger of venom stops dripping with poison.
You hear the crackle of electricity.
l - a +1 battleaxe of electrocution (weapon)
Your +1 battleaxe of electrocution stops crackling.
Your +0 dagger of venom begins to drip with poison!
a - a +0 dagger of venom (weapon)
You now have 393 gold pieces (gained 21).
i - 13 poisoned darts (gained 1)
i - 14 poisoned darts (gained 1)
d - 3 scrolls labelled LASHRO DOBLIY (gained 1)
Found 2 smoky emerald potions.
You see here 2 smoky emerald potions.
There is a stone staircase leading down here.
x - a scroll of fear
y - a scroll labelled EGUGIMO ZYOCS
Things that are here:
an emerald potion; a +0 short sword
Items here: ))) [[.
Things that are here:
a +2 chain mail of cold resistance; a +0 trident A howler monkey comes into view.
Found an emerald potion.
Found a scroll labelled VYMNYBR XEUPPU.
The howler monkey howls!
The howler monkey hoots and howls with incredible vigour!
You hear a shout!
Casting: Necrotise (safe; 1% risk of failure)
Confirm with . or Enter, or press ? or * to list all spells.
Aiming: Necrotise (safe; 1% risk of failure)
Press: ? - help, Shift-Dir - straight line, f - howler monkey
Aim: a howler monkey (chance to affect: 88%)
You feel a surge of power!
The howler monkey writhes in agony.
Casting: Necrotise (safe; 1% risk of failure)
Confirm with . or Enter, or press ? or * to list all spells.
Aiming: Necrotise (safe; 1% risk of failure)
Press: ? - help, Shift-Dir - straight line, f/p - howler monkey
Aim: a howler monkey (moderately wounded, chance to affect: 88%)
You feel a surge of power!
The howler monkey writhes in agony!
You closely miss the howler monkey.
The howler monkey is severely wounded.
The howler monkey hoots and howls with incredible vigour!
You hear a shout! x2
You closely miss the howler monkey.
The howler monkey is severely wounded.
The howler monkey hits you but does no damage.
The howler monkey hits you.
You hit the howler monkey but do no damage.
The howler monkey is severely wounded.
The howler monkey misses you.
You completely miss the howler monkey.
The howler monkey is severely wounded.
The howler monkey barely misses you.
You closely miss the howler monkey.
The howler monkey is severely wounded.
The howler monkey closely misses you.
You barely miss the howler monkey.
The howler monkey is severely wounded.
The howler monkey hoots and howls with incredible vigour!
You hear a shout!
You hit the howler monkey but do no damage.
The howler monkey is poisoned.
The howler monkey is severely wounded.
The howler monkey closely misses you.
The howler monkey completely misses you.
You barely miss the howler monkey.
The howler monkey is severely wounded.
The howler monkey hoots and howls with incredible vigour!
You closely miss the howler monkey.
The howler monkey is severely wounded.
The howler monkey misses you.
You closely miss the howler monkey.
The howler monkey is almost dead.
The howler monkey hits you but does no damage.
You closely miss the howler monkey.
The howler monkey is almost dead.
You kill the howler monkey!
Sif Muna accepts your kill.
No target in view!
An ogre comes into view. It is wielding a +0 giant spiked club.
Unknown command.
Casting: Necrotise (safe; 1% risk of failure)
Confirm with . or Enter, or press ? or * to list all spells.
You feel a surge of power!
You call upon the dead to rise.
The ogre shouts!
Throw: 14 darts (poison)
Press: ? - help, Q - select action, (/) - cycle Shift-Dir - straight line, f - ogre
Aim: an ogre, wielding a +0 giant spiked club (74% to hit)
You throw a poisoned dart.
The poisoned dart barely misses the ogre.
Unknown command.
Throw: 13 darts (poison)
Press: ? - help, Q - select action, (/) - cycle Shift-Dir - straight line, f/p - ogre
Aim: an ogre, wielding a +0 giant spiked club (74% to hit)
You throw a poisoned dart. The poisoned dart hits the ogre.
The ogre is poisoned.
A goblin comes into view. It is wielding a +0 spear.
Throw: 12 darts (poison)
Press: ? - help, Q - select action, (/) - cycle Shift-Dir - straight line, f/p - ogre
Aim: an ogre, wielding a +0 giant spiked club (lightly wounded, poisoned, 74% to hit)
You throw a poisoned dart.
The poisoned dart completely misses the ogre.
The poisoned dart hits the goblin.
The goblin is poisoned.
Your +0 dagger of venom stops dripping with poison.
You sense an unholy aura.
e - a +0 dagger of draining (weapon)
A goblin comes into view. It is wielding a +0 spear.
You barely miss the ogre.
The ogre is lightly wounded.
The ogre misses you.
You hit the ogre but do no damage. You drain the ogre.
The ogre is moderately wounded.
You barely miss the ogre.
The ogre is moderately wounded.
You kill the goblin!
Sif Muna accepts your kill.
The dead are walking!
The ogre misses you.
You barely miss the ogre.
The ogre is moderately wounded.
The ogre misses you.
You hit the ogre. You drain the ogre.
The ogre is heavily wounded.
The ogre looks more healthy.
You barely miss the ogre.
The ogre is heavily wounded.
The ogre barely misses you. The goblin completely misses you.
You barely miss the ogre.
The ogre is heavily wounded.
The goblin hits you but does no damage.
Your goblin zombie hits the goblin.
The ogre completely misses you.
You barely miss the ogre.
The ogre is heavily wounded.
The goblin hits you but does no damage.
Your goblin zombie closely misses the goblin.
You hit the ogre but do no damage. You drain the ogre.
The ogre is heavily wounded.
The ogre closely misses you. The goblin closely misses you.
You barely miss the ogre.
The ogre is heavily wounded.
Your goblin zombie hits the goblin.
The goblin closely misses you. The ogre closely misses you.
You hit the ogre but do no damage. You drain the ogre.
The ogre is severely wounded.
Your goblin zombie hits the goblin.
The goblin hits you but does no damage.
You hit the ogre but do no damage. You drain the ogre.
The ogre is severely wounded.
The ogre closely misses you. The goblin misses you.
Your goblin zombie hits the goblin.
You barely miss the ogre.
The ogre is severely wounded.
The goblin misses you. The ogre barely misses you.
Your goblin zombie hits the goblin.
The goblin dies!
Sif Muna accepts your kill.
The dead are walking!
You barely miss the ogre.
The ogre is severely wounded.
You hit the ogre.
The ogre is almost dead.
The ogre hits you with a +0 giant spiked club!
You barely miss the ogre.
The ogre is almost dead.
Your goblin zombie hits the ogre.
The ogre hits your goblin zombie with a +0 giant spiked club!!
Your goblin zombie is destroyed!
The ogre shouts!
You hit the ogre but do no damage. You drain the ogre.
You kill the ogre!
Sif Muna accepts your kill.
The dead are walking!
Your Invocations skill increases to level 1!
You see here a +0 giant spiked club.
You swap places.
You see here a +0 spear.
i - 12 poisoned darts (gained 1)
Things that are here:
a +0 spear; a brown potion; an emerald potion
z - a scroll labelled VYMNYBR XEUPPU
i - 13 poisoned darts (gained 1)
Your +0 dagger of venom begins to drip with poison!
a - a +0 dagger of venom (weapon)
A goblin comes into view. It is wielding a +0 spear.
Found an escape hatch in the floor.
The goblin misses you. The goblin hits you with a +0 spear.
You barely miss the goblin. The goblin closely misses you.
You hit the goblin.
You kill the goblin!
Sif Muna accepts your kill.
The dead are walking!
A goblin comes into view. It is wielding a +0 spear.
You see here a +0 spear.
You swap places.
The goblin splashes around in the water.
You hit the goblin.
The goblin is poisoned.
The goblin is moderately wounded.
The goblin closely misses you.
You hit the goblin.
The goblin looks as sick as possible!
The goblin is severely wounded.
You kill the goblin!
Sif Muna accepts your kill.
You hear a splash.
The dead are walking!
You enter the shallow water.
Moving in this stuff is going to be slow.
You see here a +0 spear.
You swap places.
Your reaping aura is weakening.
Your reaping aura expires.
Your +0 dagger of venom stops dripping with poison.
You hear the crackle of electricity.
l - a +1 battleaxe of electrocution (weapon)
A wight comes into view. It is wielding a +0 battleaxe.
You hit the wight but do no damage. The wight hits you but does no damage.
The wight hits you with a +1 morningstar of protection.
You barely miss the wight. The wight misses you.
The wight hits you with a +1 morningstar of protection.
You barely miss the wight. The wight barely misses you.
You closely miss the wight. The wight completely misses you.
The wight closely misses you.
You hit the wight.
The wight is moderately damaged.
The wight barely misses you. x2
You slash the wight!
The wight is severely damaged.
The wight misses you.
You closely miss the wight.
The wight is severely damaged.
The wight barely misses you. The wight closely misses you.
You barely miss the wight.
The wight is severely damaged.
The wight completely misses you. x2
You closely miss the wight.
The wight is severely damaged.
The wight closely misses you.
You closely miss the wight.
The wight is severely damaged.
The wight completely misses you. The wight barely misses you.
You barely miss the wight.
The wight is severely damaged.
You hit the wight.
The wight is lightly damaged.
The wight misses you. The wight barely misses you.
You hit the wight but do no damage.
The wight is lightly damaged.
The wight barely misses you.
You barely miss the wight.
The wight is lightly damaged.
The wight hits you with a +0 battleaxe! The wight closely misses you.
You slash the wight!
The wight is almost destroyed.
The wight barely misses you. x2
You slash the wight!
You destroy the wight!
Sif Muna accepts your kill.
You hit the wight.
The wight is almost destroyed.
The wight hits you but does no damage. The wight barely misses you.
You hit the wight. Lightning courses through the wight!!
You destroy the wight!
Sif Muna accepts your kill. The wight hits you but does no damage.
The wight closely misses you.
Your Dodging skill increases to level 2!
You hit the wight.
The wight is lightly damaged.
The wight hits you but does no damage. The wight misses you.
You hit the wight but do no damage.
The wight is lightly damaged.
The wight barely misses you. The wight completely misses you.
The wight hits you with a +5 hand axe. The wight barely misses you.
You closely miss the wight.
The wight is lightly damaged.
The wight barely misses you. The wight closely misses you.
The wight barely misses you. The wight completely misses you.
You slash the wight! Lightning courses through the wight!!
You destroy the wight!
Sif Muna accepts your kill.
The wight hits you from afar with a +0 halberd!
The wight closely misses you.
Your Evocations skill increases to level 1!
The wight misses you.
Items here: ))) ? [[[.
You closely miss the wight. The wight misses you.
You barely miss the wight. The wight closely misses you.
The wight barely misses you.
You hit the wight.
The wight is moderately damaged.
The wight barely misses you. The wight closely misses you.
You barely miss the wight.
The wight is lightly damaged.
The wight barely misses you.
You hit the wight.
The wight is moderately damaged.
The wight hits you with a +0 halberd! The wight barely misses you.
You barely miss the wight.
The wight is moderately damaged.
The wight misses you. x2
You closely miss the wight.
The wight is moderately damaged.
The wight completely misses you.
You slash the wight!
The wight is almost destroyed.
The wight misses you. The wight completely misses you.
You closely miss the wight.
The wight is almost destroyed.
The wight barely misses you. The wight closely misses you.
You closely miss the wight.
The wight is almost destroyed.
The wight completely misses you. The wight barely misses you.
You closely miss the wight.
The wight is almost destroyed.
The wight closely misses you.
You closely miss the wight.
The wight is almost destroyed.
The wight hits you with a +0 halberd! The wight closely misses you.
You hit the wight. Lightning courses through the wight!
You destroy the wight!
Sif Muna accepts your kill.
Your Invocations skill increases to level 2!
You start resting.
HP restored.
Things that are here:
a +0 halberd; a +0 robe You swap places.
q - 2 scrolls of fog (gained 1)
Items here: ))) [[[.
Okay, then.
Your +1 battleaxe of electrocution stops crackling.
Your +0 dagger of venom begins to drip with poison!
a - a +0 dagger of venom (weapon)
You swap places.
Things that are here:
a +0 halberd; a +0 robe You swap places.
You swap places.
You see here a +0 dagger.
You see here a +0 club.
Things that are here:
a ring of poison resistance; a +0 war axe Done exploring.
Done exploring.
Unknown command.
(D) Dungeon (T) Temple
Where to? (Enter - Temple @ (x,y), ? - help)
What level of the Dungeon? (default 1, ? - help)
Things that are here:
a ring of poison resistance; a +0 war axe You swap places.
You swap places.
You swap places.
You swap places.
There is a stone staircase leading up here.
You climb upwards.
There is a stone staircase leading down here.
There is a stone staircase leading up here.
You climb upwards.
Level annotation: exclusion: ogre, Dowan; Duvessa; Pikel
There is a stone staircase leading down here.
There is a stone staircase leading up here.
You climb upwards.
Level annotation: 3 runed translucent doors, arandomgamer's ghost, amateur MfGl
There is a stone staircase leading down here.
You open the door.
There is an open door here.
There is a stone staircase leading up here.
You climb upwards.
Level annotation: Sigmund
There is a stone staircase leading down here.
Your +0 dagger of venom stops dripping with poison.
You sense an unholy aura.
e - a +0 dagger of draining (weapon)
You open the large door.
Press: ? - help, . - travel You can't see that place. [the floor.] Reduced exclusion size to a single square.
Removed exclusion.
There is a large open door here.
Sigmund shouts!
Sigmund misses you.
Throw: 2 darts (curare)
Press: ? - help, Q - select action, (/) - cycle Shift-Dir - straight line, f - Sigmund
Aim: Sigmund, wielding a +3 scythe and wearing a +0 robe (55% to hit)
You throw a curare-tipped dart. The curare-tipped dart hits Sigmund.
Sigmund is poisoned.
Sigmund convulses.
Sigmund seems to slow down.
Sigmund is moderately wounded.
You hit Sigmund.
Sigmund is heavily wounded.
Sigmund hits you with a +3 scythe.
You hit Sigmund but do no damage.
Sigmund is heavily wounded.
You hit Sigmund but do no damage. You drain Sigmund.
Sigmund is severely wounded.
Sigmund closely misses you.
You hit Sigmund. You drain Sigmund. Your punch misses Sigmund.
Sigmund is almost dead.
You hit Sigmund.
You kill Sigmund!
Sif Muna accepts your kill.
Things that are here:
a +3 scythe; a +0 robe Unknown command.
A - a scroll of identify Done exploring.
Unknown command.
You open the large door.
There is a large open door here.
There is a stone staircase leading up here.
There is a stone staircase leading down here.
You climb downwards.
Level annotation: 3 runed translucent doors, arandomgamer's ghost, amateur MfGl
There is a stone staircase leading up here.
Done exploring.
There is an open door here.
There is an open door here.
Arandomgamer's ghost turns its malevolent gaze towards you.
The kobold shouts! x4; You hear a shout!
You see here a +0 leather armour.
You open the gate.
You see here a +0 leather armour.
Casting: Animate Dead (dangerous; 3% risk of failure)
Confirm with . or Enter, or press ? or * to list all spells.
You feel a surge of power!
You call upon the dead to rise.
The kobold shouts!
The kobold misses you.
You hit the kobold but do no damage. The kobold closely misses you.
You completely miss the kobold. The kobold misses you.
You hit the kobold. You drain the kobold.
You kill the kobold!
Sif Muna accepts your kill.
The dead are walking!
The kobold hits your kobold zombie with a +0 club.
Arandomgamer's ghost hits your kobold zombie.
You swap places.
The kobold barely misses you. Arandomgamer's ghost misses you.
Things that are here:
a +0 dagger; 4 poisoned darts You hit the kobold.
You drain the kobold.
You kill the kobold!
Sif Muna accepts your kill.
The dead are walking!
Arandomgamer's ghost hits you but does no damage.
You swap places.
Your kobold zombie closely misses arandomgamer's ghost.
Arandomgamer's ghost barely misses your kobold zombie.
The kobold hits your kobold zombie with a +0 dagger.
You see here a +0 leather armour.
Your kobold zombie closely misses arandomgamer's ghost.
Arandomgamer's ghost hits your kobold zombie!
Your kobold zombie is destroyed!
Your kobold zombie closely misses the kobold brigand.
Your kobold zombie barely misses the kobold brigand.
Your kobold zombie completely misses the kobold.
Your reaping aura is weakening.
There is an open door here.
Your reaping aura expires.
There is an open door here.
Casting: Animate Dead (dangerous; 3% risk of failure)
Confirm with . or Enter, or press ? or * to list all spells.
You blink.
You feel stable enough to blink again.
The kobold brigand shouts!
You hit the kobold brigand but do no damage.
You hear a shout!
The kobold brigand closely misses you.
You completely miss the kobold brigand.
The kobold brigand hits you with a +2 whip of venom.
Casting: Blink (safe; 4% risk of failure)
Confirm with . or Enter, or press ? or * to list all spells.
You feel a surge of power!
You call upon the dead to rise.
The kobold brigand closely misses you.
You hit the kobold brigand but do no damage.
Arandomgamer's ghost closely misses you.
The kobold brigand misses you.
You hit the kobold brigand. You drain the kobold brigand.
The kobold brigand is moderately wounded.
Arandomgamer's ghost completely misses you.
The kobold brigand closely misses you.
You barely miss the kobold brigand.
The kobold brigand is moderately wounded.
Arandomgamer's ghost completely misses you.
The kobold brigand hits you but does no damage.
You barely miss the kobold brigand.
The kobold brigand is moderately wounded.
Arandomgamer's ghost closely misses you.
The kobold brigand hits you with a +2 whip of venom.
You hit the kobold brigand but do no damage.
The kobold brigand is moderately wounded.
Arandomgamer's ghost closely misses you.
The kobold brigand barely misses you.
You barely miss the kobold brigand.
The kobold brigand is moderately wounded.
Arandomgamer's ghost barely misses you. The kobold brigand misses you.
You closely miss the kobold brigand.
The kobold brigand is moderately wounded.
Arandomgamer's ghost hits you but does no damage.
The kobold brigand barely misses you.
You hit the kobold brigand but do no damage.
The kobold brigand is moderately wounded.
Arandomgamer's ghost hits you.
You are electrocuted!!
The kobold brigand hits you with a +2 whip of venom.
You closely miss the kobold brigand.
The kobold brigand is moderately wounded.
Arandomgamer's ghost misses you. The kobold brigand barely misses you.
You closely miss the kobold brigand.
The kobold brigand is moderately wounded.
Arandomgamer's ghost closely misses you.
The kobold brigand misses you.
You hit the kobold brigand but do no damage.
The kobold brigand is moderately wounded.
Arandomgamer's ghost hits you but does no damage.
The kobold brigand barely misses you.
You hit the kobold brigand. You drain the kobold brigand.
The kobold brigand is moderately wounded.
Arandomgamer's ghost hits you but does no damage.
You are electrocuted!
The kobold brigand misses you.
You barely miss the kobold brigand.
The kobold brigand is moderately wounded.
Arandomgamer's ghost hits you!!
* * * LOW HITPOINT WARNING * * *
The kobold brigand completely misses you.
Unknown command.
Casting: Animate Dead (dangerous; 3% risk of failure)
Confirm with . or Enter, or press ? or * to list all spells.
Aiming: Vampiric Draining (safe; 1% risk of failure)
Press: ? - help, Shift-Dir - straight line, f - kobold brigand
Aim: a kobold brigand, wielding a +2 whip of venom and quivering poisoned darts (moderately wounded, heavily drained)
You feel a surge of power!
You draw life force from the kobold brigand.
You feel life coursing into your body.
Arandomgamer's ghost completely misses you.
The kobold brigand closely misses you.
Casting: Vampiric Draining (safe; 1% risk of failure)
Confirm with . or Enter, or press ? or * to list all spells.
Aiming: Vampiric Draining (safe; 1% risk of failure)
Press: ? - help, Shift-Dir - straight line, f/p - kobold brigand
Aim: a kobold brigand, wielding a +2 whip of venom and quivering poisoned darts (heavily wounded, heavily drained)
You feel a surge of power!
You draw life force from the kobold brigand!
You feel life coursing into your body!
Arandomgamer's ghost completely misses you.
The kobold brigand hits you with a +2 whip of venom.
* * * LOW HITPOINT WARNING * * *
Casting: Vampiric Draining (safe; 1% risk of failure)
Confirm with . or Enter, or press ? or * to list all spells.
Aiming: Vampiric Draining (safe; 1% risk of failure)
Press: ? - help, Shift-Dir - straight line, f/p - kobold brigand
Aim: a kobold brigand, wielding a +2 whip of venom and quivering poisoned darts (almost dead, heavily drained)
You feel a surge of power!
You draw life force from the kobold brigand.
You kill the kobold brigand!
Sif Muna accepts your kill. Arandomgamer's ghost hits you.
* * * LOW HITPOINT WARNING * * *
You are electrocuted!
You die...

Skill      XL: |  1  2  3  4  5  6  7  8  9 |
---------------+----------------------------+-----
Spellcasting   | 3 4 5 6 8 |  8.0
Fighting       | 1 2 3 5 |  5.0
Stealth        | 2 3 4 5 |  5.0
Necromancy     | 5 6 7 8 |  8.0
Translocations | 1 3 |  3.0
Invocations    | 2 |  2.5
Dodging        | 2 |  2.3
Evocations     | 1 |  1.4

Action                     |  1- 3 |  4- 6 |  7- 9 || total
---------------------------+-------+-------+-------++-------
  Melee: Dagger            |    11 |    59 |   301 ||   371
         Punch             |       |     1 |     6 ||     7
         Battleaxe         |       |       |    40 ||    40
  Throw: Dart              |       |     4 |    10 ||    14
         Boomerang         |       |     2 |       ||     2
   Cast: Necrotise         |    80 |    46 |    73 ||   199
         Vampiric Draining |       |     6 |    16 ||    22
         Blink             |       |       |     3 ||     3
         Animate Dead      |       |       |     3 ||     3
    Use: Scroll            |       |     4 |     4 ||     8
   Stab: Sleeping          |     3 |       |     1 ||     4
         Distracted        |       |       |     1 ||     1
 Armour: Robe              |     2 |     6 |    54 ||    62
  Dodge: Dodged            |     7 |    46 |   339 ||   392

Levels and vault maps discovered:
D:1:      dpeg_arrival_houses_and_road, layout_rooms, minmay_misc_feat_tower
D:2:      layout_rooms, shapermc_ecumenical_altar_totnotflames,
          grunt_ministairs_10, skrybe_limestone_x
D:3:      layout_basic, kennysheep_slug_shrine, minitemple, minivault_14,
          supply_closet_lemuel, grunt_ministairs_4, grunt_decor_arrowhead,
          minmay_circle_x, uniq_sigmund
D:4:      layout_loops_corners, kennysheep_okawaru_gauntlet,
          gammafunk_ghost_nasty_kobolds
D:5:      layout_layer_cave, uniq_duvessa, uniq_pikel
D:6:      layout_layer_cave, gammafunk_temple_overflow_claw,
          mainiacjoe_overflow_catch_the_wave
D:7:      layout_rooms, minmay_temple_entry_statues, enter_bailey_5
D:8:      layout_basic, hangedman_abyss_or_decor_lesser_grid
Temple:   nicolae_temple_ecumenical_triangle

Notes
Turn   | Place    | Note
-------+----------+-------------------------------------------
     0 | D:1      | scionoferis the Mummy Necromancer began the quest for the
                  | Orb.
     0 | D:1      | Reached XP level 1. HP: 13/13 MP: 4/4
   140 | D:1      | Reached XP level 2. HP: 20/20 MP: 0/5
   332 | D:1      | Reached skill level 3 in Spellcasting
   863 | D:2      | Reached skill level 1 in Fighting
   979 | D:2      | Reached skill level 2 in Stealth
   979 | D:2      | Gained mutation: You are in touch with the powers of death.
                  | [Mummy growth]
   979 | D:2      | Reached XP level 3. HP: 26/26 MP: 1/7
   983 | D:2      | Learned a level 3 spell: Vampiric Draining
  1156 | D:2      | Found a faded altar of an unknown god.
  1666 | D:3      | Found a hazy altar of Hepliaklqana.
  1673 | D:3      | Found an ancient bone altar of Kikubaaqudgha.
  1673 | D:3      | Found a shimmering altar of Xom.
  1779 | D:3      | Noticed Sigmund
  1884 | D:3      | Found a snail-covered altar of Cheibriados.
  2265 | D:3      | Reached XP level 4. HP: 32/32 MP: 2/9
  2997 | D:4      | Found a runed translucent gate.
  2998 | D:4      | Found a runed translucent gate.
  2998 | D:4      | Noticed arandomgamer's ghost (amateur MfGl)
  3079 | D:4      | Found a runed translucent gate.
  3081 | D:4      | Noticed a kobold brigand
  3149 | D:4      | Reached skill level 5 in Necromancy
  3323 | D:4      | Found an iron altar of Okawaru.
  3396 | D:4      | Reached skill level 2 in Fighting
  3396 | D:4      | Reached XP level 5. HP: 38/38 MP: 6/10
  3570 | D:4      | Reached skill level 4 in Spellcasting
  4058 | D:5      | Entered Level 5 of the Dungeon
  4113 | D:5      | Reached XP level 6. HP: 41/46 MP: 8/12
  4207 | D:5      | Reached skill level 3 in Stealth
  4269 | D:5      | Reached skill level 6 in Necromancy
  4394 | D:5      | Reached skill level 3 in Fighting
  4435 | D:5      | Learned a level 2 spell: Blink
  4528 | D:5      | Reached XP level 7. HP: 37/52 MP: 2/14
  4910 | D:5      | Noticed Duvessa
  5151 | D:5      | Noticed Pikel
  5183 | D:5      | HP: 3/52 [Pikel/puff of flame (15)]
  5484 | D:5      | Identified a +0 robe of the Archmagi
  5484 | D:5      | Noticed Dowan
  6199 | D:6      | You fall into a shaft and drop 1 floor!
  6212 | D:7      | Noticed a yak
  6212 | D:7      | Noticed a yak
  6212 | D:7      | Noticed a yak
  6214 | D:7      | Noticed a yak
  6215 | D:7      | Noticed a yak
  6218 | D:7      | Noticed a yak
  6227 | D:7      | Killed a yak
  6228 | D:7      | Reached skill level 5 in Spellcasting
  6228 | D:7      | Reached skill level 1 in Translocations
  6241 | D:7      | Killed a yak
  6270 | D:7      | HP: 3/52 [wight/+0 halberd (6)]
  6277 | D:8      | HP: 3/52 [scorpion (1)]
  6688 | D:8      | Reached skill level 7 in Necromancy
  6688 | D:8      | Reached XP level 8. HP: 47/60 MP: 16/16
  6820 | D:8      | Reached skill level 4 in Fighting
  6826 | D:8      | Reached skill level 4 in Stealth
  6826 | D:8      | Reached skill level 2 in Translocations
  7195 | D:6      | Reached skill level 6 in Spellcasting
  7204 | D:6      | Found a shadowy altar of Dithmenos.
  7225 | D:6      | Found a broken altar of Ashenzari.
  7941 | D:6      | Found the amulet of Elemental Vulnerability {rPois rF--
                  | rC-- AC+8}
  8142 | D:6      | Found a blossoming altar of Fedhas.
  8142 | D:6      | Found a burning altar of Makhleb.
  8143 | D:6      | Found an ornate altar of the Wu Jian Council.
  8362 | D:7      | Reached skill level 8 in Necromancy
  8517 | D:7      | Found a staircase to the Ecumenical Temple.
  8609 | D:7      | Reached skill level 5 in Fighting
  8609 | D:7      | Reached skill level 3 in Translocations
  8609 | D:7      | Reached XP level 9. HP: 52/68 MP: 13/19
  8614 | D:7      | Reached skill level 5 in Stealth
  8614 | D:7      | Reached skill level 7 in Spellcasting
  8724 | Temple   | Entered the Ecumenical Temple
  8761 | Temple   | Became a worshipper of Sif Muna the Loreminder
  8871 | D:7      | Reached skill level 8 in Spellcasting
  8876 | D:7      | Learned a level 4 spell: Animate Dead
  9015 | D:7      | Reached skill level 1 in Invocations
  9099 | D:7      | Reached skill level 2 in Dodging
  9103 | D:7      | Reached skill level 1 in Evocations
  9117 | D:7      | Reached skill level 2 in Invocations
  9390 | D:3      | Killed Sigmund
  9519 | D:4      | HP: 5/68 [arandomgamer's ghost (21)]
  9522 | D:4      | Slain by arandomgamer's ghost

Vanquished Creatures
  Sigmund (D:3)
  6 yaks (D:7)
  2 water moccasins (D:8 D:6)
  2 black bears (D:5 D:6)
  An ogre (D:7)
  A centaur (D:5)
  A lemure (D:4)
  3 kobold brigands (D:8 D:7 D:4)
  2 bullfrogs (D:8 D:6)
  2 scorpions (D:5 D:8)
  5 wights (D:7)
  5 howler monkeys (D:4 D:8 D:7)
  A jelly (D:6)
  An orc priest (D:4)
  4 hounds (D:4 D:5)
  An iguana (D:6)
  5 orc wizards (D:5 D:8 D:6 D:7)
  A sleepcap (D:7)
  5 adders (D:3 D:4 D:5)
  A white imp (D:6)
  A worm (D:5)
  3 dart slugs (D:2 D:3)
  26 orcs (D:3 D:4 D:5 D:7 D:8)
  3 endoplasms (D:1 D:2)
  A giant cockroach (D:2)
  9 goblins (D:1 D:4 D:7)
  6 hobgoblins (D:1 D:2 D:3 D:4)
  5 jackals (D:1 D:2)
  5 quokkas (D:1 D:3)
  7 ball pythons (D:2 D:3)
  3 bats (D:1 D:3)
  4 frilled lizards (D:1 D:2 D:3)
  18 kobolds (D:1 D:3 D:4 D:8 D:7)
  5 rats (D:1 D:2)
146 creatures vanquished.

Vanquished Creatures (collateral kills)
  2 goblins (D:2 D:7)
  A hobgoblin (D:3)
  2 kobolds (D:3 D:7)
  A rat (D:2)
6 creatures vanquished.

Vanquished Creatures (others)
  A goblin zombie (D:7)
  2 kobold zombies (D:4)
3 creatures vanquished.

Grand Total: 155 creatures vanquished

Table legend: (Time is in decaauts)
 A = Elapsed time spent in this place.
 B = Non-inter-level travel time spent in this place.
 C = Inter-level travel time spent in this place.
 D = Time resting spent in this place.
 E = Time spent auto-exploring this place.
 F = Levels seen in this place.
 G = Mean time per level.
                   A        B        C        D        E       F      G
               +--------+--------+--------+--------+--------+-----+--------+
         Total |   9544 |   9151 |    393 |   1082 |   6368 |   9 | 1060.4 |
       Dungeon |   9493 |   9112 |    381 |   1082 |   6350 |   8 | 1186.6 |
        Temple |     50 |     38 |     12 |      0 |     18 |   1 |   50.0 |
               +--------+--------+--------+--------+--------+-----+--------+

Top non-repeatable levels by time:
     D:5: 1763 daAuts
     D:6: 1518 daAuts
     D:4: 1483 daAuts
     D:3: 1410 daAuts
     D:7: 1023 daAuts
     D:1: 859 daAuts
     D:2: 758 daAuts
     D:8: 676 daAuts
  Temple: 50 daAuts

Table legend:
 A = Non-vault XP
 B = Vault XP
 C = Vault XP percentage of total XP
 D = Non-vault monster count
 E = Vault monster count
 F = Vault count percentage of total count
                 A         B        C        D         E       F
            +---------+---------+-------+---------+---------+-------
      Total |    3911 |     370 |   8.6 |     133 |      18 |  11.9
            +---------+---------+-------+---------+---------+-------
        D:1 |      35 |       0 |   0.0 |      21 |       0 |   0.0
        D:2 |      29 |       1 |   3.3 |      17 |       1 |   5.6
        D:3 |      31 |     251 |  89.0 |      12 |       8 |  40.0
        D:4 |     246 |     110 |  30.9 |      11 |       5 |  31.2
        D:5 |     482 |       0 |   0.0 |      11 |       0 |   0.0
        D:6 |     506 |       0 |   0.0 |      12 |       0 |   0.0
        D:7 |    1943 |       8 |   0.4 |      31 |       4 |  11.4
        D:8 |     639 |       0 |   0.0 |      18 |       0 |   0.0
            +---------+---------+-------+---------+---------+-------
